AoeStats
← Booming I Promise

Pilgrims

508778823Analyzed
2v2 RM · 7d ago on Sep 24, 2026· 26m 51s· 4 players
Game mode
Random Map
Map size
Medium (4 player)
Population
200
Speed
Normal
Resources
Standard
Victory
Conquest
Starting age
Dark Age
Ending age
Imperial Age
RankedLock teamsTeams togetherTeam positionsShared explorationLock speedFull tech treeHidden civsTurbo modeCheats
Victory
Defeat
🇺🇸 Vietnamese · United States
1039
+16
🇺🇸 Magyars · United States
1038
+16
🇺🇸 Japanese · United States
1049
-16
🇺🇸 Franks · United States
1037
-16
Harvtown
4:48 Loom
13:23 Feudal Age
13:48 Fishing Lines
14:11 Double-Bit Axe
16:15 Fletching
16:26 Padded Archer Armor
18:39 Castle Age
17:56 Wheelbarrow
17:09 Town Watch
18:19 Gold Mining
19:39 Bodkin Arrow
19:59 Leather Archer Armor
19:10 Crossbowman
19:36 Horse Collar
20:32 Bow Saw
21:31 Ballistics
21:44 Thumb Ring
22:35 Heavy Plow
Booming I Promise
11:42 Loom
13:49 Feudal Age
14:40 Gold Mining
18:12 Double-Bit Axe
19:07 Fletching
20:53 Horse Collar
24:41 Castle Age
23:41 Padded Archer Armor
24:42 Crossbowman
25:34 Thumb Ring
25:35 Bodkin Arrow
25:56 Leather Archer Armor
26:55 Gold Shaft Mining
Toon
16:27 Feudal Age
17:10 Loom
18:18 Gold Mining
cisco
13:14 Feudal Age
15:43 Double-Bit Axe
19:35 Scale Barding Armor
20:09 Wheelbarrow
21:27 Forging
25:03 Castle Age
26:42 Chain Barding Armor
25:46 Light Cavalry
Connection lost

Rejoining the realm…

Still unreachable

The connection could not be restored.

Session expired

The server has moved on; the page needs a fresh start.